 Dungeon Crawl Stone Soup version 0.25.1-2-g60ff931df9 (webtiles) character file.

Game seed: 6328174142162177425

27598 Johnny the Geomancer (level 12, -7/81 HPs)
             Began as a Demigod Earth Elementalist on Oct 26, 2020.
             Mangled by a blink frog (16 damage)
             ... on level 1 of the Lair of Beasts.
             The game lasted 00:19:30 (19212 turns).

Johnny the Geomancer (Demigod Earth Elementalist)  Turns: 19212, Time: 00:19:31

Health: -7/81      AC: 11    Str: 11    XL:     12   Next: 69%
Magic:  2/30       EV: 16    Int: 27    God:
Gold:   721        SH:  0    Dex: 16    Spells: 18/31 levels left

rFire    . . .     SeeInvis .   c - staff of earth
rCold    . . .     Gourm    .   (no shield)
rNeg     . . .     Faith    .   N - +0 troll leather armour
rPois    .         Spirit   .   t - +0 helmet
rElec    .         Reflect  .   H - +0 cloak
rCorr    .         Harm     .   (no gloves)
MR       +....                  G - +0 pair of boots (curse)
Stlth    ++........             (no amulet)
HPRegen  0.63/turn              K - +4 ring of evasion
MPRegen  0.22/turn              s - +4 ring of protection

@: very slightly contaminated, invisible
A: high mp 1
a: no special abilities


You were on level 1 of the Lair of Beasts.
You were not hungry.

You visited 3 branches of the dungeon, and saw 16 of its levels.

You collected 721 gold pieces.

Inventory:

Hand Weapons
 z - a +1 mace of protection
Missiles
 b - 126 stones (quivered)
Armour
 f - a +0 tower shield
 t - a +0 helmet (worn)
 G - a cursed +0 pair of boots (worn)
 H - a +0 cloak (worn)
 N - a +0 troll leather armour (worn)
Magical Staves
 c - an uncursed staff of earth (weapon)
 i - an uncursed staff of poison {unknown}
Jewellery
 n - an uncursed ring of ice
 s - a +4 ring of protection (right hand)
 E - an uncursed ring of resist corrosion
 K - a +4 ring of evasion (left hand)
Wands
 x - a wand of polymorph (15)
 B - a wand of digging (8)
 D - a wand of paralysis (14)
 J - a wand of iceblast (5)
 M - a wand of disintegration (10)
Scrolls
 e - 6 scrolls of fog
 j - a scroll of fear
 r - 7 scrolls of teleportation
 y - 3 scrolls of magic mapping
 A - 2 scrolls of immolation
 C - a scroll of silence {unknown}
 L - a scroll of summoning
Potions
 a - 7 potions of curing
 h - a potion of magic
 k - 2 potions of invisibility
 l - a potion of ambrosia
 m - 2 potions of might
 o - a potion of lignification
 p - a potion of cancellation {unknown}
 q - a potion of heal wounds {unknown}
 u - 2 potions of brilliance {unknown}
 v - a potion of resistance
 w - 5 potions of flight {unknown}
Miscellaneous
 g - a phantom mirror
Comestibles
 d - 20 rations


   Skills:
 - Level 1.7 Dodging
 - Level 1.7 Stealth
 + Level 8.6 Shields
 + Level 10.1 Spellcasting
 - Level 0.8 Transmutations
 * Level 14.8 Earth Magic


You had 18 spell levels left.
You knew the following spells:

 Your Spells              Type           Power        Failure   Level  Hunger
a - Sandblast             Erth           ######       0%          1    None
b - Stone Arrow           Conj/Erth      ######       1%          3    None
c - Lee's Rapid Deconstr  Erth           #######...   1%          5    ####...
d - Petrify               Tmut/Erth      ######..     2%          4    None

Your spell library contained the following spells:

 Spells                   Type           Power        Failure   Level  Hunger
 Passwall                 Tmut/Erth      ######..     1%          2    None
 Animate Skeleton         Necr           N/A          5%          1    None
 Corona                   Hex            ##.....      5%          1    None
 Pain                     Necr           ##..         5%          1    None
 Ensorcelled Hibernation  Hex/Ice        ##....       9%          2    None
 Confusing Touch          Hex            ##......     17%         3    None
 Dazzling Flash           Conj/Hex       ##....       17%         3    None
 Gell's Gravitas          Tloc           ##........   17%         3    None
 Tukima's Dance           Hex            ##......     17%         3    None
 Vampiric Draining        Necr           ##........   17%         3    None
 Animate Dead             Necr           N/A          50%         4    None
 Yara's Violent Unravell  Hex/Tmut       ###.......   78%         5    ####...
 Agony                    Necr           ##......     83%         5    ####...
 Metabolic Englaciation   Hex/Ice        ##........   83%         5    ####...


Dungeon Overview and Level Annotations

Branches:
Dungeon (14/15)            Temple (0/1) D:7            Lair (1/6) D:8
    Orc (1/2) D:12         Vaults (0/5) D:14

Shops:
D:8 (   D:12 *

Annotations:
D:9 5 runed translucent doors, Johnny's ghost, journeyman DgEE
D:13 2 transporters, Jylaosol's ghost, journeyman TrSk
D:14 Rupert


Innate Abilities, Weirdness & Mutations

You have an increased reservoir of magic. (+10% MP)


Message History

Confirm with . or Enter, or press ? or * to list all spells.
Aiming: Sandblast (safe; 0% risk of failure)
Press: ? - help, Shift-Dir - straight line, f - blink frog
Aim: a blink frog You feel a surge of power!
The blast of sand misses the blink frog.
b - 127 stones The blink frog misses you.
Casting: Sandblast (safe; 0% risk of failure)
Confirm with . or Enter, or press ? or * to list all spells.
Aiming: Sandblast (safe; 0% risk of failure)
Press: ? - help, Shift-Dir - straight line, f/p - blink frog
Aim: a blink frog You feel a surge of power!
The blast of sand hits the blink frog!!
The blink frog is severely wounded.
b - 126 stones The blink frog hits you!
* * * LOW HITPOINT WARNING * * *
The blink frog hits you!
You die...

#...# #.........# #...#
##..........
##...###...#
#........... ..... #...#
##..........
#...###..####...........
#...##..................
#...###...#.#........†..
#...###...##............
#.....F@..####..........
....P #.........##
##........# #...
#...##.....# ##.##..P##
##... #...####....#
######## ....
##...#####.....#
##..###......# #.....#
#....####...### ##....
#...###.#....## #...
#.<..####.....## #..


You could see a blink frog.

Vanquished Creatures
  Gastronok (Lair:1)
  Kirke (D:12)
  Fannar (D:12)
  3 hydras
  A centaur warrior (D:11)
  A death knight (D:12)
  An unseen horror (D:11)
  3 skeletal warriors (D:12)
  2 phantasmal warriors (D:12)
  2 deep elf magi
  2 ugly things
  A gargoyle (D:10)
  2 freezing wraiths
  2 efreet (D:13)
  A kobold demonologist (D:9)
  6 slime creatures
  A hornet (D:13)
  4 trolls
  A hippogriff (D:8)
  A meliai zombie (D:13)
  2 blink frogs (Lair:1)
  A wraith (D:13)
  2 shadows
  A wyvern (D:13)
  A vampire (D:12)
  7 yaks
  Grum (D:8)
  2 hogs (D:12)
  5 hungry ghosts
  An acid dragon (D:9)
  A water moccasin (Lair:1)
  8 orc warriors
  6 sky beasts
  3 ice beasts
  2 black bears
  3 eyes of draining
  2 phantoms
  3 wolves (D:8)
  13 centaurs
  7 ogres
  A crocodile (D:9)
  2 big kobolds
  8 bullfrogs
  2 wyvern zombies
  6 scorpions
  A wyvern skeleton (D:12)
  12 wights
  9 howler monkeys
  4 crimson imps
  3 bullfrog zombies
  2 centaur zombies
  A quasit (D:10)
  7 hounds
  7 jellies
  8 orc priests
  A centaur skeleton (D:9)
  8 orc wizards
  2 iguanas
  12 worker ants
  A hound zombie (D:9)
  A worker ant zombie (D:9)
  9 adders
  4 gnolls
  A shadow imp (D:7)
  2 adder zombies
  5 oozes (D:9)
  2 adder skeletons
  4 worms
  5 leopard geckos
  47 orcs
  4 giant cockroaches
  11 goblins
  5 hobgoblins
  11 jackals
  11 kobolds
  5 quokkas
  6 bats
  10 frilled lizards
  A giant cockroach zombie (D:6)
  A leopard gecko skeleton (D:5)
  2 quokka skeletons
  A quokka zombie (D:5)
  5 rats
358 creatures vanquished.

Vanquished Creatures (others)
  2 humans (D:12)
  A plant (Lair:1)
3 creatures vanquished.

Grand Total: 361 creatures vanquished

Notes
Turn   | Place    | Note
-------+----------+-------------------------------------------
     0 | D:1      | Johnny the Demigod Earth Elementalist began the quest for
                  | the Orb.
     0 | D:1      | Reached XP level 1. HP: 14/14 MP: 5/5
   396 | D:1      | Reached skill level 3 in Earth Magic
   941 | D:2      | Reached XP level 2. HP: 8/20 MP: 0/7
  1869 | D:2      | Reached XP level 3. HP: 26/26 MP: 9/9
  2010 | D:2      | Found a bloodstained altar of Trog.
  2155 | D:2      | Found a basalt altar of Yredelemnul.
  2280 | D:2      | Found a shimmering blue altar of Sif Muna.
  2280 | D:2      | Found an ornate altar of the Wu Jian Council.
  2495 | D:3      | Found a shadowy altar of Dithmenos.
  3043 | D:3      | Reached skill level 4 in Earth Magic
  3214 | D:3      | Reached XP level 4. HP: 33/33 MP: 7/10
  3652 | D:3      | Found a faded altar of an unknown god.
  4342 | D:4      | Reached XP level 5. HP: 38/38 MP: 12/12
  4439 | D:4      | Reached skill level 5 in Earth Magic
  4787 | D:4      | Noticed an orc warrior
  5312 | D:5      | Entered Level 5 of the Dungeon
  5321 | D:5      | Reached XP level 6. HP: 44/45 MP: 7/14
  5506 | D:5      | Reached skill level 6 in Earth Magic
  5847 | D:5      | Found a white marble altar of Elyvilon.
  5918 | D:5      | Reached XP level 7. HP: 50/50 MP: 9/16
  5994 | D:5      | Found a radiant altar of Vehumet.
  6395 | D:6      | Found a shadowy altar of Dithmenos.
  6533 | D:6      | Reached skill level 7 in Earth Magic
  6576 | D:6      | Learned a level 3 spell: Stone Arrow
  6582 | D:6      | Learned a level 5 spell: Lee's Rapid Deconstruction
  6587 | D:6      | Learned a level 4 spell: Petrify
  6763 | D:6      | Found a hazy altar of Hepliaklqana.
  6767 | D:6      | Found a burning altar of Makhleb.
  6770 | D:6      | Found a shattered altar of Ashenzari.
  7536 | D:7      | Reached skill level 5 in Spellcasting
  7536 | D:7      | Reached XP level 8. HP: 35/57 MP: 14/19
  7538 | D:7      | Reached skill level 8 in Earth Magic
  7692 | D:7      | Found a staircase to the Ecumenical Temple.
  8055 | D:8      | Noticed a hippogriff
  8061 | D:8      | Killed a hippogriff
  8130 | D:8      | Found a hide-covered altar of Uskayaw.
  8130 | D:8      | Found Ybrecusi's Antique Weapon Boutique.
  8130 | D:8      | Noticed Grum
  8140 | D:8      | Reached skill level 9 in Earth Magic
  8142 | D:8      | Killed Grum
  8356 | D:8      | Found a staircase to the Lair.
  8466 | D:8      | Reached XP level 9. HP: 54/62 MP: 18/22
  8669 | D:8      | Reached skill level 1 in Shields
  8763 | D:8      | Found a sacrificial altar of Ru.
  8927 | D:8      | Reached skill level 10 in Earth Magic
  9556 | D:9      | Found a shimmering altar of Xom.
 10064 | D:9      | Found a large runed translucent door.
 10064 | D:9      | Found a large runed translucent door.
 10069 | D:9      | Found a large runed translucent door.
 10069 | D:9      | Found a large runed translucent door.
 10090 | D:9      | Noticed a kobold demonologist
 10287 | D:9      | Found a runed translucent gate.
 10287 | D:9      | Found a runed translucent gate.
 10287 | D:9      | Found a runed translucent gate.
 10288 | D:9      | Noticed a spectral centaur warrior
 10292 | D:9      | Noticed Johnny's ghost (journeyman DgEE)
 10578 | D:9      | Got a crude ring mail
 10592 | D:9      | Identified the +2 ring mail of Gallantry {Str+4} (You found
                  | it on level 9 of the Dungeon)
 10634 | D:9      | Killed a kobold demonologist
 10685 | D:10     | Entered Level 10 of the Dungeon
 10780 | D:10     | Noticed a gargoyle
 10782 | D:10     | Killed a gargoyle
 10782 | D:10     | Reached skill level 11 in Earth Magic
 10782 | D:10     | Reached XP level 10. HP: 69/69 MP: 18/24
 11750 | D:10     | Found an opulent altar of Gozag.
 12687 | D:11     | Killed an unseen horror
 12815 | D:11     | Reached skill level 5 in Shields
 12997 | D:11     | Noticed a centaur warrior
 12999 | D:11     | Killed a centaur warrior
 12999 | D:11     | Reached skill level 12 in Earth Magic
 13114 | D:11     | Noticed a red ugly thing
 13118 | D:11     | Killed a red ugly thing
 13622 | D:11     | Reached XP level 11. HP: 67/74 MP: 16/27
 14122 | D:11     | Noticed a four-headed hydra
 14133 | D:11     | Killed a four-headed hydra
 14373 | D:12     | Noticed Kirke
 14376 | D:12     | Killed Kirke
 14376 | D:12     | Reached skill level 13 in Earth Magic
 14652 | D:12     | Noticed Fannar
 14667 | D:12     | Killed Fannar
 14791 | D:12     | Noticed a death knight
 14796 | D:12     | Killed a death knight
 15629 | D:12     | Noticed a phantasmal warrior
 15636 | D:12     | Killed a phantasmal warrior
 15738 | D:12     | Noticed a skeletal warrior
 15741 | D:12     | Killed a skeletal warrior
 15741 | D:12     | Noticed a skeletal warrior
 15752 | D:12     | Killed a skeletal warrior
 15756 | D:12     | Noticed a skeletal warrior
 15798 | D:12     | Killed a skeletal warrior
 15940 | D:12     | Found a staircase to the Orcish Mines.
 16410 | D:12     | Found Domecs's Assorted Antiques.
 16431 | D:12     | Noticed a phantasmal warrior
 16437 | D:12     | Killed a phantasmal warrior
 16437 | D:12     | Reached XP level 12. HP: 55/81 MP: 8/29
 17043 | D:13     | Reached skill level 14 in Earth Magic
 17895 | D:13     | Found a transporter.
 17899 | D:13     | Noticed Jylaosol's ghost (journeyman TrSk)
 17909 | D:13     | Found a transporter.
 18549 | D:14     | Found a gate to the Vaults.
 18549 | D:14     | Noticed a centaur warrior
 18549 | D:14     | Noticed Rupert
 18549 | D:14     | Noticed a fire dragon
 18549 | D:14     | Noticed a catoblepas
 18612 | D:14     | Noticed a six-headed hydra
 18623 | D:14     | Killed a six-headed hydra
 18771 | Orc:1    | Entered Level 1 of the Orcish Mines
 19093 | Lair:1   | Entered Level 1 of the Lair of Beasts
 19170 | Lair:1   | Noticed Gastronok
 19175 | Lair:1   | Reached skill level 10 in Spellcasting
 19179 | Lair:1   | Noticed a four-headed hydra
 19186 | Lair:1   | Killed a four-headed hydra
 19188 | Lair:1   | Killed Gastronok
 19212 | Lair:1   | Mangled by a blink frog

Illustrated notes

Levels and vault maps discovered:
D:1:      saegor_arrival_simple_c, layout_basic
D:2:      layout_loops_ring, marbit_many_paths, gammafunk_temple_overflow_wave,
          lemuel_coloured_pillars_altar
D:3:      layout_loops_cross, nicolae_overflow_crystal_walls,
          chequers_ecumenical_altar_grove, minmay_lizard_king
D:4:      layout_loops_ring, first_ration
D:5:      layout_cave_pools, lemuel_crystal_altar, fiery_altar_vehumet,
          corexii_hall_statues_i, kennysheep_cluttered_room, wad_woods_river_04,
          chequers_serial_rivers_micro_a, corexii_checkpoint_a,
          cheibrodos_gnoll_hut
D:6:      layout_loops_ring, grunt_temple_overflow_diamond, basic_altar
D:7:      layout_rooms, minmay_temple_entry_tees
D:8:      layout_layer_cave, old_standard_altar, lair_entry_dummy, basic_altar,
          serial_shops, shop, uniq_grum
D:9:      layout_rooms, lemuel_crystal_altar, gammafunk_ghost_necromancy,
          hangedman_little_slice_of_home, minmay_hollow_rounded_squares
D:10:     layout_layer_cave, nicolae_gozag_cash_rules_everything_around_me
D:11:     layout_basic
D:12:     layout_loops_ring, orc_0_dummy, serial_shops, shop, serial_glass,
          glass_columns_a, glass_columns_a, uniq_kirke, uniq_fannar
D:13:     layout_roguey, gammafunk_ghost_arena
D:14:     layout_cave_pools, david_vaults_3, minmay_misc_feat_tower
Lair:1:   layout_concentric_octagons, serial_bayou_shore_b, uniq_gastronok
Orc:1:    layout_diamond_mine, serial_shops, shop

Skill      XL: |  1  2  3  4  5  6  7  8  9 10 11 12 |
---------------+-------------------------------------+-----
Earth Magic    | 3 4 5 6 7 9 11 12 13 14 | 14.8
Spellcasting   | 2 3 4 5 6 7 8 9 10 | 10.1
Shields        | 3 5 7 8 |  8.6
Dodging        | |  1.7
Stealth        | |  1.7
Transmutations | |  0.8

Action                   |  1- 3 |  4- 6 |  7- 9 | 10-12 || total
-------------------------+-------+-------+-------+-------++-------
Melee: Hand axe          |   158 |   101 |       |       ||   259
       Unarmed           |     7 |       |       |       ||     7
       Mace              |       |     5 |    88 |       ||    93
       Staff             |       |       |       |   122 ||   122
 Cast: Sandblast         |    23 |    70 |   149 |   122 ||   364
       Stone Arrow       |       |       |     5 |   149 ||   154
       Lee's Rapid Decon |       |       |     5 |    85 ||    90
Evoke: Wand              |       |       |     1 |    14 ||    15
  Use: Potion            |       |     3 |       |     2 ||     5
       Scroll            |       |     4 |     8 |     4 ||    16
 Stab: Sleeping          |     3 |       |     1 |     1 ||     5
       Distracted        |       |       |     1 |       ||     1
  Eat: Chunk             |     7 |     9 |    17 |    23 ||    56
       Ration            |       |       |       |     6 ||     6
Armor: Ring mail         |    64 |    52 |   100 |    92 ||   308
       Robe              |     4 |       |       |       ||     4
       Skin              |       |    11 |       |       ||    11
       Troll leather arm |       |       |       |    33 ||    33
Dodge: Dodged            |   127 |    87 |   129 |   204 ||   547
